AoeStats
← Draskard CL

Baltic

510627597Analyzed
3v3 RM · 2d ago on Oct 1, 2026· 45m 4s· 6 players
Game mode
Random Map
Map size
Normal (6 player)
Population
200
Speed
Normal
Resources
Standard
Victory
Conquest
Starting age
Dark Age
Ending age
Imperial Age
RankedLock teamsTeams togetherTeam positionsShared explorationLock speedFull tech treeHidden civsTurbo modeCheats
Victory
Defeat
🇲🇽 Varangians · Mexico
912
+14
🇨🇱 Franks · Chile
854
+16
🇩🇪 Turks · Germany
853
+16
🇺🇸 Romans · United States
882
-16
🇺🇸 Varangians · United States
852
-15
🇺🇸 Cumans · United States
851
-15
P Diddy
10:15 Feudal Age
10:53 Double-Bit Axe
14:14 Loom
18:36 Castle Age
18:14 Forging
22:53 Bloodlines
22:45 Husbandry
27:21 Fishing Lines
30:35 Scale Barding Armor
31:09 Bow Saw
31:34 Gillnets
32:49 Wheelbarrow
33:37 Iron Casting
33:59 Stone Mining
33:58 Town Watch
38:08 Chain Barding Armor
40:20 Imperial Age
40:24 Cavalier
OSMANE38
0:43 Loom
12:03 Feudal Age
19:25 Stone Mining
22:07 Castle Age
20:49 Fishing Lines
21:48 Horse Collar
21:57 Double-Bit Axe
24:48 Bow Saw
24:36 Gillnets
26:48 Wheelbarrow
26:19 Heavy Plow
26:16 Gold Mining
29:41 Hand Cart
29:11 Town Watch
31:17 Gold Shaft Mining
34:59 Imperial Age
34:00 Town Patrol
35:45 Bloodlines
35:35 Husbandry
38:03 Hoardings
37:49 Conscription
37:49 Sipahi
39:36 Masonry
39:47 Bombard Tower
39:16 Elite Janissary
41:44 Sappers
Draskard CL
10:39 Feudal Age
11:38 Double-Bit Axe
15:25 Fishing Lines
22:44 Castle Age
23:14 Wheelbarrow
23:50 Bow Saw
24:08 Gillnets
25:44 Medium Warships
33:15 Hand Cart
32:46 Town Watch
32:47 Loom
33:34 Scale Barding Armor
33:39 Forging
36:04 Imperial Age
34:05 Husbandry
35:04 Chain Barding Armor
34:54 Forging
36:51 Town Patrol
37:04 Chivalry
37:25 Conscription
36:35 Cavalier
39:27 Plate Barding Armor
39:29 Iron Casting
39:52 Paladin
45:22 Blast Furnace
ustick
6:39 Loom
9:33 Feudal Age
9:34 Man-at-Arms
12:24 Double-Bit Axe
14:09 Scale Mail Armor
19:50 Castle Age
18:08 Forging
21:27 Bow Saw
21:01 Horse Collar
21:36 Pikeman
23:42 Chain Mail Armor
27:32 Scale Barding Armor
29:05 Wheelbarrow
28:34 Heavy Plow
29:48 Chain Barding Armor
31:47 Iron Casting
33:26 Bloodlines
33:14 Gold Mining
36:00 Hand Cart
40:46 Imperial Age
41:54 Cavalier
43:44 Comitatenses
44:03 Plate Barding Armor
44:28 Blast Furnace
43:39 Halberdier
kawaiilegend2
7:58 Loom
12:36 Feudal Age
14:24 Double-Bit Axe
17:12 Wheelbarrow
20:00 Castle Age
18:11 Stone Mining
18:13 Gold Mining
19:36 Fishing Lines
23:02 Fletching
23:17 Horse Collar
24:33 Bow Saw
27:46 Heavy Plow
28:05 Hand Cart
28:07 Scale Mail Armor
28:18 Forging
30:26 Ballistics
30:02 Murder Holes
29:48 Treadmill Crane
33:13 Arson
33:30 Squires
36:13 Imperial Age
33:38 Pikeman
35:04 Fortified Wall
37:19 Bodkin Arrow
39:09 Siege Engineers
39:15 Halberdier
40:15 Chain Mail Armor
41:23 Conscription
42:25 Iron Casting
seanbennet37
4:09 Loom
10:51 Feudal Age
12:32 Double-Bit Axe
14:44 Wheelbarrow
21:34 Castle Age
21:00 Gold Mining
20:55 Horse Collar
22:32 Pikeman
24:28 Squires
25:29 Hand Cart
26:50 Bow Saw
29:56 Elite Skirmisher
30:34 Fletching
30:45 Padded Archer Armor
32:57 Bodkin Arrow
34:23 Forging
36:25 Thumb Ring
38:59 Ballistics
38:35 Murder Holes
40:10 Steppe Husbandry
42:35 Leather Archer Armor
44:53 Imperial Age
Connection lost

Rejoining the realm…

Still unreachable

The connection could not be restored.

Session expired

The server has moved on; the page needs a fresh start.